 Dungeon Crawl Stone Soup version 0.25.1-2-g60ff931df9 (webtiles) character file.

Game seed: 13678380122665456719

3171 DogServant the Archer (level 9, -23/79 HPs)
             Began as a Centaur Hunter on Oct 15, 2020.
             Was a Follower of Okawaru.
             Annihilated by a large abomination (39 damage)
             ... on level 4 of the Abyss.
             The game lasted 00:20:37 (10840 turns).

DogServant the Archer (Centaur Hunter)             Turns: 10840, Time: 00:20:37

Health: -23/79     AC:  7    Str: 18    XL:     9   Next: 63%
Magic:  11/11      EV: 10    Int: 10    God:    Okawaru [*.....]
Gold:   359        SH:  0    Dex: 16    Spells: 7/8 levels left

rFire    + + .     SeeInvis .   m - +7 rapier of Yproel {elec, rElec rF+}
rCold    . . .     Gourm    .   (no shield)
rNeg     . . .     Faith    .   b - +2 robe {rF+}
rPois    .         Spirit   .   (no helmet)
rElec    +         Reflect  .   l - +0 cloak
rCorr    .         Harm     .   (no gloves)
MR       +....                  (no barding)
Stlth    ..........             (no amulet)
HPRegen  0.23/turn              t - ring of protection from magic
MPRegen  0.12/turn              v - +6 ring of dexterity

@: silence, very quick
A: large, hooves 3, deformed body, speed 2, tough skin 3
a: Renounce Religion


You were on level 4 of the Abyss.
You worshipped Okawaru.
Okawaru was aware of your devotion.
You were hungry.

You visited 2 branches of the dungeon, and saw 9 of its levels.
You visited the Abyss 1 time.

You collected 359 gold pieces.

Inventory:

Hand Weapons
 a - a +3 shortbow
 m - the +7 rapier of Yproel (weapon) {elec, rElec rF+}
   (You found it on level 6 of the Dungeon)

   Occasionally, upon striking a foe, it will discharge some electrical energy
   and cause terrible harm.
   It protects you from fire.
   It insulates you from electricity.
Missiles
 d - 87 arrows
 k - 18 poisoned darts (quivered)
Armour
 b - a +2 robe of fire resistance (worn)
 l - a +0 cloak (worn)
 u - a +0 buckler
Jewellery
 c - an uncursed ring of wizardry
 s - an uncursed ring of see invisible
 t - a ring of protection from magic (left hand)
 v - a +6 ring of dexterity (right hand)
 x - an uncursed ring of magical power
 y - an uncursed ring of flight
 A - an uncursed ring of poison resistance
Scrolls
 g - a scroll of identify
 n - a scroll of amnesia
 q - a scroll of teleportation
Potions
 e - a potion of ambrosia
 i - 2 potions of haste
 j - a potion of brilliance
 o - 2 potions of lignification
 p - 6 potions of stabbing
 w - a potion of curing
Comestibles
 f - 11 rations


   Skills:
 - Level 7.0 Fighting
 + Level 4.4 Short Blades
 + Level 13.5 Bows
 - Level 1.3 Dodging
 - Level 0.4 Stealth
 + Level 3.6 Invocations


You had 7 spell levels left.
You knew the following spells:

 Your Spells              Type           Power        Failure   Level  Hunger
a - Shock                 Conj/Air       #...         36%         1    ##.....

Your spell library contained the following spells:

 Spells                   Type           Power        Failure   Level  Hunger
 Freeze                   Ice            #...         36%         1    ##.....
 Magic Dart               Conj           #...         36%         1    ##.....
 Pain                     Necr           #...         36%         1    ##.....
 Sting                    Tmut/Pois      #...         36%         1    ##.....


Dungeon Overview and Level Annotations

Branches:
Dungeon (8/15)             Temple (1/1) D:7
   Lair: D:8-11

Altars:
Ashenzari
Cheibriados
Dithmenos
Elyvilon
Fedhas
Gozag
Hepliaklqana
Kikubaaqudgha
Makhleb
Nemelex Xobeh
Okawaru
Qazlal
Ru
Sif Muna
Trog
Uskayaw
Vehumet
Wu Jian
Xom
Yredelemnul
Zin
The Shining One

Shops:
D:7 (   D:8 *

Annotations:
D:8 Psyche


Innate Abilities, Weirdness & Mutations

You have hooves in place of feet.
Armour fits poorly on your strangely shaped body.
You cover ground very quickly.
You have extremely tough skin. (AC +3)


Message History

The necromancer is heavily wounded.
The necromancer hits you but does no damage.
A hell knight comes into view.
It is wielding a +1 broad axe and wearing a +0 chain mail of poison resistance.
You puncture the necromancer!
Lightning courses through the necromancer!
You kill the necromancer!
Okawaru accepts your kill.
Your Short Blades skill increases to level 4!
Your Invocations skill increases to level 3!
A freezing mist starts to gather...
A flying skull comes into view.
A hell knight and a flying skull come into view.
A flying skull comes into view.
A raiju comes into view.
The raiju bursts into living lightning!
The living lightning hits you. You resist.
* * * LOW HITPOINT WARNING * * *
The raiju blinks!
The large abomination hits you!!!
You die...

##z#Z### #
..##p.#
##.pz#.###
#.##pp. #
#.h.#####
#.#.##.#
#zp..# ≈
####.X###..#≈
##@....# #
#...####.# #
# ##..#... ..
# . ##.#.
##..#
#.##.#.#.. .#
# ### #.. #..
..# ..###
#.#. ##.## #
. .. . .. ..
. ###.#. .
... ## .#


You could see a hell knight, a large abomination, a raiju and a flying skull.

Vanquished Creatures
  A necromancer (Abyss:4)
  A raiju (Abyss:2)
  A yak (D:8)
  2 porcupines (D:8)
  A phantom (D:5)
  An ice beast (D:8)
  4 ogres
  4 centaurs
  4 bullfrogs
  A gnoll sergeant (D:6)
  A howler monkey (D:5)
  3 wights (D:5)
  5 crimson imps
  3 hounds
  A centaur skeleton (D:5)
  6 orc wizards
  6 worker ants
  A hound zombie (D:8)
  A howler monkey zombie (D:8)
  3 worker ant zombies
  7 adders
  8 gnolls
  A howler monkey skeleton (D:4)
  A shadow imp (D:8)
  An ooze (D:4)
  An adder skeleton (D:5)
  An adder zombie (D:6)
  A worm (D:2)
  3 dart slugs
  5 leopard geckos
  12 orcs
  3 giant cockroaches
  4 goblins
  8 hobgoblins
  19 jackals
  5 quokkas
  2 ball pythons
  5 bats
  4 frilled lizards
  7 kobolds
  A quokka skeleton (D:7)
  3 rats
152 creatures vanquished.

Notes
Turn   | Place    | Note
-------+----------+-------------------------------------------
     0 | D:1      | DogServant the Centaur Hunter began the quest for the Orb.
     0 | D:1      | Reached XP level 1. HP: 17/17 MP: 1/1
   196 | D:1      | Reached XP level 2. HP: 24/25 MP: 2/2
   881 | D:2      | Reached skill level 6 in Bows
   902 | D:2      | Reached XP level 3. HP: 30/30 MP: 3/3
  1429 | D:2      | Reached XP level 4. HP: 33/38 MP: 4/4
  1819 | D:3      | Reached skill level 7 in Bows
  2197 | D:3      | Reached XP level 5. HP: 46/46 MP: 5/5
  3106 | D:4      | Noticed an ogre
  3202 | D:4      | Identified An Introduction to Witchery
  3206 | D:4      | Learned a level 1 spell: Shock
  3381 | D:4      | Reached XP level 6. HP: 53/53 MP: 6/6
  3978 | D:4      | Reached skill level 5 in Fighting
  3978 | D:4      | Reached skill level 8 in Bows
  4274 | D:5      | Entered Level 5 of the Dungeon
  4448 | D:5      | Reached XP level 7. HP: 27/61 MP: 7/7
  4672 | D:5      | Reached skill level 9 in Bows
  5086 | D:5      | Reached skill level 10 in Bows
  5353 | D:5      | Found a burning altar of Makhleb.
  5615 | D:6      | Reached skill level 11 in Bows
  5684 | D:6      | Reached XP level 8. HP: 45/69 MP: 8/8
  6176 | D:6      | Reached skill level 12 in Bows
  6353 | D:6      | Got a jewelled rapier
  6354 | D:6      | Identified the +7 rapier of Yproel {elec, rElec rF+} (You
                  | found it on level 6 of the Dungeon)
  7449 | D:6      | Reached skill level 1 in Short Blades
  8187 | D:7      | Found Vyddyeq's Weapon Emporium.
  8415 | D:7      | Found a staircase to the Ecumenical Temple.
  8430 | Temple   | Entered the Ecumenical Temple
  8466 | Temple   | Became a worshipper of Warmaster Okawaru
  9130 | D:5      | Found a burning altar of Makhleb.
  9734 | D:8      | Noticed a two-headed ogre
 10028 | D:8      | Reached XP level 9. HP: 72/78 MP: 9/9
 10095 | D:8      | Found Bunoul's General Store.
 10126 | D:8      | Reached skill level 13 in Bows
 10126 | D:8      | Reached skill level 1 in Invocations
 10192 | D:8      | Reached * piety under Okawaru
 10336 | D:8      | Noticed Psyche
 10353 | D:8      | Cast into level 1 of the Abyss (Psyche)
 10517 | Abyss:1  | Noticed an orange demon
 10656 | Abyss:2  | Noticed a spatial maelstrom
 10666 | Abyss:2  | Noticed a lich
 10668 | Abyss:2  | Noticed a blizzard demon
 10733 | Abyss:3  | Noticed a large abomination
 10737 | Abyss:3  | Noticed a starcursed mass
 10751 | Abyss:4  | Found a corrupted altar of Lugonu.
 10816 | Abyss:4  | Noticed a necromancer
 10823 | Abyss:4  | Noticed a necromancer
 10824 | Abyss:4  | Noticed a hell knight
 10825 | Abyss:4  | Noticed a hell knight
 10826 | Abyss:4  | Noticed a hell knight
 10827 | Abyss:4  | Killed a necromancer
 10831 | Abyss:4  | Noticed a hell knight
 10840 | Abyss:4  | Annihilated by a large abomination

Illustrated notes

Levels and vault maps discovered:
D:1:      scummos_arrival_star, layout_rooms, serial_curves, eino_curves_03,
          eino_curves_02
D:2:      layout_basic
D:3:      layout_basic
D:4:      layout_basic
D:5:      layout_loops_ring, makhleb_grotto_becter, first_ration
D:6:      layout_basic
D:7:      layout_loops_ring, minmay_temple_entry_overgrown, serial_shops,
          nicolae_shop_competitors_out_of_business
D:8:      layout_loops_ring, grunt_lair_entry_orc_guard_hut, serial_shops,
          nicolae_shop_trees, blue_anna_alchemist [blue_anna_fruit_fields,
          blue_anna_fruit_fields], uniq_psyche, uniq_pikel, uniq_erica
Temple:   nicolae_temple_the_god_donut
Abyss:4:  base: Temple, evilmike_abyss_exit_chaos, minivault_19, minivault_13,
          nicolae_abyss_rune_star_stuff

Skill      XL: |  1  2  3  4  5  6  7  8  9 |
---------------+----------------------------+-----
Bows           | 6 7 8 11 12 13 | 13.5
Fighting       | 3 4 5 6 7 |  7.0
Short Blades   | 2 4 |  4.4
Invocations    | 3 |  3.6
Dodging        | |  1.3
Stealth        | |  0.4

Action                   |  1- 3 |  4- 6 |  7- 9 || total
-------------------------+-------+-------+-------++-------
Melee: Short sword       |    64 |       |       ||    64
       Kick              |    17 |    31 |    24 ||    72
       War axe           |    33 |   132 |    60 ||   225
       Rapier            |       |       |    31 ||    31
 Fire: Shortbow          |    13 |    21 |   254 ||   288
Throw: Dart              |       |    20 |     2 ||    22
Invok: Heroism           |       |       |     1 ||     1
  Use: Scroll            |     5 |     6 |    18 ||    29
       Potion            |     2 |       |     3 ||     5
  Eat: Chunk             |     1 |     1 |     2 ||     4
       Ration            |       |     2 |     4 ||     6
Armor: Leather armour    |    51 |    60 |       ||   111
       Robe              |       |     5 |    63 ||    68
Dodge: Dodged            |    52 |    92 |    83 ||   227
